 Dungeon Crawl Stone Soup version 0.24.0-10-g970556be89 (webtiles) character file.

Game seed: 17242419863838211564, levelgen mode: deterministic

2400 Iamsoldier the Basher (level 9, -1/79 HPs)
             Began as a Minotaur Fighter on Nov 4, 2019.
             Was an Initiate of Cheibriados.
             Slain by an orc knight
             ... wielding a +0 war axe
              (7 damage)
             ... in a bailey.
             The game lasted 00:22:42 (7429 turns).

Iamsoldier the Basher (Minotaur Fighter)            Turns: 7429, Time: 00:22:43

Health: -1/79      AC: 14    Str: 25    XL:     9   Next: 23%
Magic:  7/8        EV:  5    Int:  6    God:    Cheibriados [......]
Gold:   226        SH: 16    Dex: 11    Spells: 8/8 levels left

rFire    . . .     SeeInvis .   a - +0 flail
rCold    . . .     Gourm    .   A - +0 large shield
rNeg     . . .     Faith    .   s - +4 chain mail
rPois    .         Spirit   .   (helmet restricted)
rElec    .         Reflect  .   (no cloak)
rCorr    .         Harm     .   (no gloves)
MR       .....                  (no boots)
Stlth    ..........             e - amulet of rage
HPRegen  0.23/turn              (no ring)
MPRegen  0.11/turn              (no ring)

@: very slow
A: retaliatory headbutt, horns 2
a: Bend Time, Renounce Religion, Evoke Berserk Rage


You were in a bailey.
You worshipped Cheibriados.
Cheibriados was noncommittal.
You were not hungry.

You visited 2 branches of the dungeon, and saw 9 of its levels.
You also visited: Bailey.

You collected 281 gold pieces.
You spent 55 gold pieces at shops.

Inventory:

Hand Weapons
 a - a +0 flail (weapon)
Missiles
 n - 2 throwing nets (quivered)
Armour
 b - a +0 scale mail
 c - a +0 shield
 s - a +4 chain mail (worn)
 A - a +0 large shield (worn)
Jewellery
 e - an amulet of rage (around neck)
Wands
 t - a wand of scattershot (5)
 w - a wand of acid (11)
 y - a wand of digging (6)
Scrolls
 g - 3 scrolls of amnesia {unknown}
 h - a scroll of magic mapping {unknown}
 i - 6 scrolls of identify {unknown}
 j - 3 scrolls of teleportation {unknown}
 m - 5 scrolls of enchant armour {unknown}
 p - a scroll of random uselessness {unknown}
 r - 4 scrolls of immolation {unknown}
 x - a scroll of fog
 B - a scroll of enchant weapon {unknown}
 C - a scroll of blinking {unknown}
Potions
 d - 2 potions of might
 k - 2 potions of brilliance {unknown}
 l - 4 potions of haste {unknown}
 o - 2 potions of flight {unknown}
 u - a potion of agility {unknown}
 v - 4 potions of heal wounds {unknown}
 z - a potion of mutation {unknown}
Comestibles
 f - 9 rations


   Skills:
 * Level 7.6 Fighting
 + Level 9.4 Maces & Flails
 + Level 7.7 Armour
 - Level 1.1 Dodging
 - Level 0.3 Stealth
 + Level 7.3 Shields
 + Level 0.1 Invocations
 + Level 0.7 Evocations


You had 8 spell levels left.
You didn't know any spells.
Your spell library contained the following spells:

 Spells                   Type           Power        Failure   Level  Hunger
 Blink                    Tloc           N/A          100%        2    ###....
 Shroud of Golubria       Chrm/Tloc      #.....       100%        2    ###....
 Gell's Gravitas          Tloc           #.........   100%        3    ####...
 Lesser Beckoning         Tloc           #.........   100%        3    ####...
 Teleport Other           Tloc           #.......     100%        3    ####...
 Passage of Golubria      Tloc           N/A          100%        4    #####..


Dungeon Overview and Level Annotations

Branches:
Dungeon (8/15)             Temple (1/1) D:6          Bailey (1/1)
   Lair: D:8-11

Altars:
Ashenzari
Cheibriados
Dithmenos
Elyvilon
Fedhas
Gozag
Hepliaklqana
Kikubaaqudgha
Makhleb
Nemelex Xobeh
Okawaru
Qazlal
Ru
Sif Muna
Trog
Uskayaw
Vehumet
Wu Jian
Xom
Yredelemnul
Zin
The Shining One

Shops:
D:6 *


Innate Abilities, Weirdness & Mutations

You reflexively headbutt those who attack you in melee.
You have a pair of horns on your head.


Message History

The kobold throws a boomerang.
You block the boomerang.
The weapon returns to the kobold!
The kobold throws a boomerang.
You block the boomerang.
The weapon returns to the kobold!
The kobold throws a boomerang.
The boomerang hits you but does no damage.
The weapon returns to the kobold!
The kobold throws a boomerang.
The boomerang hits you but does no damage.
The weapon returns to the kobold!
The kobold throws a boomerang.
The boomerang hits you but does no damage.
The weapon returns to the kobold!
There is an open door here.
The kobold throws a boomerang.
You block the boomerang.
The weapon returns to the kobold!
The kobold throws a boomerang.
The boomerang completely misses you.
The weapon returns to the kobold!
There is a gate leading back out of this place here.
You closely miss the orc knight. Your headbutt misses the orc knight.
The orc knight is moderately wounded.
The orc knight hits you with a +0 war axe!
You die...

#'###≈)≈###'#
#...K≈.≈K..^#
#'###≈o≈###'#
#^.KK≈o≈K...#
#'###≈.≈###'#
#∩..K≈g≈K..∩#
######o######
##.o.##
#8^@^8#
##.∩.## ##8##
###


You could see an orc knight, 3 orc warriors, a hobgoblin and 4 kobolds.

Vanquished Creatures
  An ugly thing (D:8)
  A hippogriff (D:7)
  2 ice beasts
  4 sky beasts
  A black bear (D:4)
  A phantom (D:7)
  A centaur (D:6)
  3 bullfrogs
  A scorpion (D:5)
  3 killer bees (D:7)
  A crimson imp (D:7)
  A bullfrog zombie (D:6)
  A centaur zombie (D:8)
  A hound (D:4)
  2 orc priests
  2 orc wizards (D:6)
  A centaur skeleton (D:4)
  An iguana (D:5)
  2 worker ants
  A killer bee zombie (D:7)
  A howler monkey zombie (D:6)
  4 gnolls (D:5)
  A howler monkey skeleton (D:8)
  12 adders
  A shadow imp (D:7)
  An adder skeleton (D:4)
  2 worms
  2 dart slugs (D:1)
  6 leopard geckos
  15 orcs
  3 ball pythons
  3 giant cockroaches
  4 goblins
  6 hobgoblins
  10 jackals
  3 quokkas
  3 bats
  4 frilled lizards
  4 kobolds
  A leopard gecko skeleton (D:6)
  A quokka skeleton (D:6)
  8 rats
126 creatures vanquished.

Vanquished Creatures (others)
  A plant (D:8)
1 creature vanquished.

Grand Total: 127 creatures vanquished

Notes
Turn   | Place    | Note
-------+----------+-------------------------------------------
     0 | D:1      | Iamsoldier the Minotaur Fighter began the quest for the
                  | Orb.
     0 | D:1      | Reached XP level 1. HP: 19/19 MP: 0/0
   304 | D:1      | Reached XP level 2. HP: 17/27 MP: 1/1
   503 | D:1      | Found a shattered altar of Ashenzari.
   934 | D:2      | Found a basalt altar of Yredelemnul.
   941 | D:2      | Reached XP level 3. HP: 27/33 MP: 2/2
  1393 | D:2      | Reached skill level 3 in Maces & Flails
  1456 | D:2      | Reached XP level 4. HP: 40/40 MP: 3/3
  2311 | D:4      | Reached XP level 5. HP: 32/47 MP: 4/4
  2669 | D:4      | Reached skill level 4 in Maces & Flails
  3149 | D:4      | Reached skill level 5 in Shields
  3382 | D:4      | Noticed a black bear
  3390 | D:4      | Killed a black bear
  3390 | D:4      | Reached skill level 5 in Maces & Flails
  3390 | D:4      | Reached skill level 5 in Armour
  3390 | D:4      | Reached XP level 6. HP: 53/53 MP: 5/5
  3450 | D:5      | Entered Level 5 of the Dungeon
  3934 | D:5      | Found a hide-covered altar of Uskayaw.
  4141 | D:5      | You fall into a shaft and drop 2 floors!
  4189 | D:7      | Reached skill level 5 in Fighting
  4324 | D:6      | Noticed a sky beast
  4329 | D:6      | Reached skill level 6 in Maces & Flails
  4329 | D:6      | Reached XP level 7. HP: 61/61 MP: 6/6
  4586 | D:6      | Reached skill level 1 in Dodging
  4605 | D:6      | Reached skill level 7 in Maces & Flails
  5028 | D:6      | Found Bahacvas's General Store.
  5034 | D:6      | Bought a scroll of fog for 22 gold pieces
  5034 | D:6      | Bought a potion of curing for 33 gold pieces
  5165 | D:6      | Found a staircase to the Ecumenical Temple.
  5192 | Temple   | Entered the Ecumenical Temple
  5511 | D:7      | Reached XP level 8. HP: 54/70 MP: 7/7
  5532 | D:7      | Noticed a hippogriff
  5563 | D:7      | Killed a hippogriff
  5563 | D:7      | Reached skill level 8 in Maces & Flails
  6408 | D:7      | Found a shimmering altar of Xom.
  6411 | D:7      | Found a shimmering altar of Xom.
  6411 | D:7      | Found a shimmering altar of Xom.
  7023 | D:8      | Found a radiant altar of Vehumet.
  7023 | D:8      | Found a snail-covered altar of Cheibriados.
  7029 | D:8      | Became a worshipper of Cheibriados the Contemplative
  7207 | D:8      | Noticed a purple ugly thing
  7225 | D:8      | Killed a purple ugly thing
  7225 | D:8      | Reached skill level 9 in Maces & Flails
  7225 | D:8      | Reached XP level 9. HP: 52/79 MP: 5/8
  7344 | D:8      | Found a flagged portal.
  7353 | Bailey   | Entered a bailey
  7403 | Bailey   | Noticed an orc knight
  7421 | Bailey   | HP: 3/79 [kobold/boomerang (2)]
  7429 | Bailey   | Slain by an orc knight

Levels and vault maps discovered:
D:1:      mrwooster_arrival_arrow, layout_loops_ring, ashenzari_altar_1
D:2:      layout_rooms, lemuel_doored_altar, first_ration
D:3:      layout_rooms
D:4:      black_bear_nest_1, layout_basic, kennysheep_generic_room_10
D:5:      layout_loops_ring, basic_altar
D:6:      layout_basic, minmay_temple_entry_crystal_x, serial_shops, shop
D:7:      layout_layer_cave, xom_redecorated, chequers_garden
D:8:      layout_loops_corners, minitemple, ebering_ghost_funeral_grove,
          enter_bailey_2, grunt_ogre_cave, grunt_ministairs_7
Temple:   regret_index_temple_mists
Bailey:   bailey_axe_1, bailey

Skill      XL: |  1  2  3  4  5  6  7  8 |
---------------+-------------------------+-----
Shields        | 4 5 7 |  7.3
Armour         | 4 5 6 7 |  7.7
Fighting       | 4 5 7 |  7.6
Maces & Flails | 3 5 6 7 9 |  9.4
Dodging        | 1 |  1.1
Stealth        | |  0.3
Invocations    | |  0.1
Evocations     | |  0.7

Action                   |  1- 3 |  4- 6 |  7- 9 || total
-------------------------+-------+-------+-------++-------
Melee: Flail             |   101 |   131 |   211 ||   443
       Headbutt          |    12 |    31 |    37 ||    80
Invok: Bend Time         |       |       |     2 ||     2
 Abil: Evoke Berserk Rag |       |     1 |     1 ||     2
  Use: Potion            |       |       |     5 ||     5
  Eat: Chunk             |     1 |     7 |     5 ||    13
       Ration            |       |     1 |     2 ||     3
Armor: Scale mail        |    46 |    20 |       ||    66
       Chain mail        |       |    42 |   170 ||   212
Dodge: Dodged            |    22 |    44 |    68 ||   134
Block: Shield            |    64 |    73 |    64 ||   201
       Large shield      |       |       |   160 ||   160
